 Dungeon Crawl Stone Soup version 0.29.1-1-gd02db6906a (webtiles) character file.

Game seed: 9810483609472985708

184 Descartes the Sneak (level 5, -3/24 HPs)
             Began as a Spriggan Fire Elementalist on Sept 18, 2022.
             Killed by divine providence
             ... invoked by an orc priest
              (12 damage)
             ... on level 3 of the Dungeon.
             The game lasted 00:07:59 (3499 turns).

Descartes the Sneak (Spriggan Fire Elementalist)    Turns: 3499, Time: 00:07:59

Health: -3/24      AC:  2    Str:  4    XL:     5   Next: 36%
Magic:  6/11       EV: 19    Int: 18    God:
Gold:   151        SH:  0    Dex: 22    Spells: 5/11 levels left

rFire   . . .      SeeInvis +   m - staff of conjuration
rCold   . . .      Faith    .   (shield currently unavailable)
rNeg    . . .      Spirit   .   a - +0 robe
rPois   .          Reflect  .   (helmet restricted)
rElec   .          Harm     .   (no cloak)
rCorr   .          Rampage  .   (gloves unavailable)
Will    .....                   (boots unavailable)
Stlth   +++.......              (no amulet)
HPRegen 0.08/turn               c - +6 ring of dexterity
MPRegen 0.12/turn               (no ring)

@: very slightly contaminated, very quick
A: very small, no large weapons, unfitting armour, see invisible, speed 3
a: no special abilities


You were on level 3 of the Dungeon.
You visited 1 branch of the dungeon, and saw 3 of its levels.
You also visited: Sewer.

You collected 151 gold pieces.

Inventory:

Hand Weapons
 j - a +0 dagger
Missiles
 g - 23 stones
Armour
 a - a +0 robe (worn)
Magical Staves
 m - a staff of conjuration (weapon)
Jewellery
 c - a +6 ring of dexterity (left hand)
Scrolls
 h - 2 scrolls of immolation
 i - 3 scrolls of teleportation
 o - 2 scrolls of enchant armour
 p - 2 scrolls of butterflies
 r - a scroll of blinking {unknown}
Potions
 b - a potion of berserk rage
 d - a potion of degeneration {unknown}
 e - a potion of haste
 f - 2 potions of curing
 k - a potion of might {unknown}
 l - a potion of heal wounds {unknown}
 n - a potion of lignification {unknown}
 q - a potion of resistance {unknown}


   Skills:
 + Level 3.8 Dodging
 + Level 4.4 Stealth
 + Level 3.7 Spellcasting
 + Level 1.5 Conjurations
 + Level 2.9 Fire Magic
 + Level 2.0 Poison Magic


You had 5 spell levels left.
You knew the following spells:

 Your Spells              Type           Power      Damage    Failure   Level
a - Foxfire               Conj/Fire      68%        2x1d7     6%          1
b - Scorch                Fire           28%        2d6       7%          2
c - Conjure Flame         Conj/Fire      17%        6-21      19%         3

Your spell library contained the following spells:

 Spells                   Type           Power      Damage    Failure   Level
 Necrotise                Necr           12%        1d4       16%         1
 Inner Flame              Hex/Fire       8%         N/A       24%         3
 Vampiric Draining        Necr           3%         2d6       41%         3
 Flame Wave               Conj/Fire      17%        2d7       52%         4
 Agony                    Necr           3%         N/A       99%         5


Dungeon Overview and Level Annotations

Branches:
Dungeon (3/15)              Sewer (visited)

Altars:
Elyvilon
Nemelex Xobeh
Wu Jian


Innate Abilities, Weirdness & Mutations

You are very small and have problems with some larger weapons.
You are too small for most types of armour.
You have supernaturally acute eyesight. (SInv)
You cover ground extremely quickly. (Speed+++)


Message History

You feel a surge of power!
You conjure some foxfire!
The foxfire hits the orc.
The orc is lightly wounded.
An endoplasm comes into view.
An orc wizard comes into view. It is wielding a +1 dagger of speed.
The foxfire hits the orc but does no damage.
The orc is lightly wounded.
Casting: Foxfire (safe; 6% risk of failure)
Confirm with . or Enter, or press ? or * to list all spells.
You feel a surge of power!
You miscast Foxfire.
You are very lightly contaminated with residual magic.
Nothing appears to happen.
The foxfire hits the orc.
The orc is severely wounded.
The foxfire hits the orc.
You kill the orc!
Casting: Foxfire (safe; 6% risk of failure)
Confirm with . or Enter, or press ? or * to list all spells.
You feel a surge of power!
You conjure some foxfire!
The orc hits you with a +0 club.
Unknown command.
Casting: Foxfire (safe; 6% risk of failure)
Confirm with . or Enter, or press ? or * to list all spells.
You feel a surge of power!
You conjure some foxfire!
The foxfire hits the orc.
The orc is moderately wounded.
The orc priest invokes the aid of Beogh against you.
Beogh smites you!
The orc wizard casts a spell.
The orc wizard flickers and vanishes for a moment.
The orc hits you with a +0 club.
Unknown command.
The foxfire hits the orc.
The orc is heavily wounded.
The foxfire hits the orc.
You kill the orc!
The foxfire hits the orc wizard but does no damage.
The orc wizard gestures at you while chanting.
The puff of flame misses you.
The orc priest calls down the wrath of Beogh upon you.
Beogh smites you!
Ouch! That really hurt!
You die...

##.#.##### # ........ # #
#......# # :#.##......# #
.....o.§...# #########
#..Jo).§..# .........
#########.§..# ##.....#
#............###########.....#
#.#########..@.#.............#
#.# #.##.#.#...........# #.#.#
#.#..#.#...........# #.#.#
#.#..#.#...........# #.#.#
#.#..#.#........#### #.#.#
#.#..#.#........# ##
##.#.#########.#..#.#.....<..#
#.
..................÷...#.#....#
#.
.....#########.#..##..#.#....#
#)


You could see an orc priest, an orc wizard (invisible) and an endoplasm.

Vanquished Creatures
  Pargi (Sewer)
  A river rat (D:3)
  3 worms (D:3)
  A dart slug (D:2)
  3 orcs (D:3)
  4 endoplasms
  4 giant cockroaches
  5 goblins
  3 hobgoblins
  3 jackals (D:3)
  3 quokkas
  5 ball pythons
  6 bats
  7 frilled lizards
  6 kobolds
  6 rats
61 creatures vanquished.

Vanquished Creatures (others)
  281 foxfires
281 creatures vanquished.

Grand Total: 342 creatures vanquished

Notes
Turn   | Place    | Note
-------+----------+-------------------------------------------
     0 | D:1      | Descartes the Spriggan Fire Elementalist began the quest
                  | for the Orb.
     0 | D:1      | Reached XP level 1. HP: 9/9 MP: 5/5
    73 | D:1      | Found a faded altar of an unknown god.
   592 | D:1      | Reached XP level 2. HP: 13/13 MP: 4/6
  1139 | D:1      | Learned a level 2 spell: Scorch
  1521 | D:2      | Reached skill level 1 in Poison Magic
  1625 | D:2      | Reached skill level 1 in Conjurations
  1627 | D:2      | Reached XP level 3. HP: 16/16 MP: 2/8
  1692 | D:2      | Found a white marble altar of Elyvilon.
  2381 | D:3      | Found a glowing drain.
  2425 | D:3      | Found a sparkling altar of Nemelex Xobeh.
  2430 | D:3      | Found a white marble altar of Elyvilon.
  2430 | D:3      | Found an ornate altar of the Wu Jian Council.
  2448 | D:3      | Learned a level 3 spell: Conjure Flame
  2485 | Sewer    | Entered a sewer
  2614 | Sewer    | Noticed Pargi
  2657 | Sewer    | Killed Pargi
  2658 | Sewer    | Reached skill level 4 in Stealth
  2658 | Sewer    | Reached XP level 4. HP: 6/21 MP: 6/10
  2658 | Sewer    | Reached XP level 5. HP: 7/24 MP: 6/11
  3499 | D:3      | Killed from afar by an orc priest

Illustrated notes

Levels and vault maps discovered:
D:1:      ebering_hopf_link, layout_loops_ring, basic_ecumenical_altar
D:2:      layout_rooms, basic_altar, minmay_surrounded
D:3:      layout_basic, worldfamousw_hep_ancestral_shrine,
          grunt_temple_overflow_open, portal_sewer_entry_c

Skill      XL: |  1  2  3  4  5 |
---------------+----------------+-----
Dodging        | 3 |  3.8
Spellcasting   | 3 |  3.7
Poison Magic   | 1 2 |  2.0
Conjurations   | 1 |  1.5
Stealth        | 4 |  4.4
Fire Magic     | |  2.9

Action                   |  1- 3 |  4- 6 || total
-------------------------+-------+-------++-------
 Cast: Foxfire           |   128 |    38 ||   166
  Use: Scroll            |     4 |     2 ||     6
       Potion            |     1 |       ||     1
Armor: Robe              |     2 |       ||     2
Dodge: Dodged            |    14 |     5 ||    19
